 Dungeon Crawl Stone Soup version 0.30-b1-2-g02819fbbbe (webtiles) character file.

Game seed: 16797770583902407149

316885 LLlMATKO the Slayer (level 20, 0/304 HPs)
             Began as a Minotaur Berserker on Sept 2, 2023.
             Was a High Priest of Trog.
             Slain by a vault warden
             ... wielding a +1 war axe of freezing
              (4 damage)
             ... on level 1 of the Vaults on Sept 3, 2023.
             The game lasted 01:18:27 (50782 turns).

LLlMATKO the Slayer (Minotaur Berserker)           Turns: 50782, Time: 01:18:29

Health: 0/304      AC: 31    Str: 29    XL:     20   Next: 15%
Magic:  1/19       EV: 16    Int:  9    God:    Trog [*****.]
Gold:   3570       SH: 38    Dex: 22    Spells: 19/19 levels left

rFire   + . .        a - +5 war axe "Varuoc" {heavy, rElec rF++ Dex+2 SInv}
rCold   + . .        V - +18 shield of the Gong {Loud rN+ Will+ rCorr EV-5}
rNeg    + . .        Q - +1 plate armour
rPois   +            l - +1 hat
rElec   +            v - +2 cloak {rPois}
rCorr   +            J - +1 pair of gloves {infuse}
SInv    +            A - +1 pair of boots
Will    ++...        x - amulet of reflection Stlth
                     W - ring of Syndicalism {Ice rCorr Int+5 Dex+2}
HPRegen 0.70/turn    y - +6 ring of dexterity
MPRegen 0.16/turn

%: reflection, infuse magic (1 MP)
@: berserking, frozen, studying Ranged Weapons, very quick
A: horns 2, retaliatory headbutt
}: 3/15 runes: decaying, serpentine, abyssal
a: Renounce Religion, Berserk, Trog's Hand, Brothers in Arms


You were on level 1 of the Vaults.
You worshipped Trog.
Trog was extremely pleased with you.
You visited 7 branches of the dungeon, and saw 34 of its levels.
You visited the Abyss 2 times.
You also visited: Ossuary and Gauntlet.

You collected 4411 gold pieces.
You spent 841 gold pieces at shops.

Inventory:

Hand Weapons
 a - the +5 war axe "Varuoc" (weapon) {heavy, rElec rF++ Dex+2 SInv}
   (You bought it in a shop on level 1 of the Snake Pit)

   Dex:       It affects your dexterity (+2).
   rF:        It greatly protects you from fire.
   rElec:     It insulates you from electricity.
   SInv:      It lets you see invisible.
 z - the +7 hand axe "Hydrabane" {heavy, Will+ Str+4}
   (You took it off a deep elf pyromancer on level 3 of the Elven Halls)

   Str:       It affects your strength (+4).
   Will:      It increases your willpower.
 Z - the +9 executioner's axe "Tadukladi" {flame, rC+ Will+}
   (Trog gifted it to you on level 12 of the Dungeon)

   rC:        It protects you from cold.
   Will:      It increases your willpower.
Missiles
 o - 43 poisoned darts (quivered)
 s - 16 javelins
 I - 6 throwing nets
 O - 6 curare-tipped darts
Armour
 l - a +1 hat (worn)
 v - a +2 cloak of poison resistance (worn)
 A - a +1 pair of boots (worn)
 J - a +1 pair of gloves of infusion (worn)
 Q - a +1 plate armour (worn)
 V - the +18 shield of the Gong (worn) {Loud rN+ Will+ rCorr EV-5}
   (You found it on level 3 of the Elven Halls)

   Loud:      It is deafeningly noisy when blocking attacks.
   EV:        It affects your evasion (-5).
   rN:        It protects you from negative energy.
   rCorr:     It protects you from acid and corrosion.
   Will:      It increases your willpower.
Jewellery
 d - the ring "Anwul" {Ice rCorr}
   (You took it off a minotaur in a Gauntlet)

   [ring of ice]

   It enhances your ice magic.
   rF:        It makes you vulnerable to fire.
   rC:        It protects you from cold.
   rCorr:     It protects you from acid and corrosion.
 j - the ring "Peocw" {Fly Int+5}
   (You found it on level 2 of the Swamp)

   [ring of flight]

   Int:       It affects your intelligence (+5).
   Fly:       It grants you flight.
 x - an amulet of reflection (around neck)
 y - a +6 ring of dexterity (right hand)
 N - an amulet of faith
 S - a ring of willpower
 W - the ring of Syndicalism (left hand) {Ice rCorr Int+5 Dex+2}
   (You found it on level 5 of the Lair of Beasts)

   [ring of ice]

   It enhances your ice magic.
   Int:       It affects your intelligence (+5).
   Dex:       It affects your dexterity (+2).
   rF:        It makes you vulnerable to fire.
   rC:        It protects you from cold.
   rCorr:     It protects you from acid and corrosion.
Wands
 k - a wand of mindburst (16)
 C - a wand of polymorph (36)
 M - a wand of light (51)
 P - a wand of iceblast (47)
 R - a wand of flame (61)
 T - a wand of charming (22)
Scrolls
 b - 5 scrolls of silence
 c - 12 scrolls of teleportation
 f - 26 scrolls of identify
 g - 3 scrolls of torment
 h - 3 scrolls of immolation
 i - 16 scrolls of enchant weapon
 n - 6 scrolls of fear
 t - 3 scrolls of amnesia
 u - 3 scrolls of enchant armour
 D - 8 scrolls of blinking
 E - a scroll of brand weapon
 F - 2 scrolls of noise
 G - 7 scrolls of fog
 L - 4 scrolls of poison
 X - 2 scrolls of magic mapping
 Y - 3 scrolls of summoning
Potions
 e - 11 potions of heal wounds
 m - 3 potions of haste
 p - 20 potions of curing
 q - 6 potions of cancellation
 r - 5 potions of might
 w - 8 potions of ambrosia
 B - 4 potions of invisibility
 H - 4 potions of flight
 U - a potion of resistance


   Skills:
 + Level 23.1 Fighting
 + Level 22.8 Axes
 + Level 20.9 Armour
 + Level 19.3 Dodging
 + Level 16.7 Shields


You had 19 spell levels left.
You didn't know any spells.
Your spell library was empty.

Dungeon Overview and Level Annotations

Branches:
Dungeon (15/15)            Temple (0/1) D:5            Lair (5/5) D:9
  Swamp (4/4) Lair:2        Snake (4/4) Lair:3        Slime (0/5) Lair:4
    Orc (2/2) D:9             Elf (3/3) Orc:2        Vaults (1/5) D:13
 Depths (0/4) D:15        Ossuary (visited)         Gauntlet (visited)

Altars:
Ashenzari
Hepliaklqana
Kikubaaqudgha
Okawaru
Trog
Uskayaw
Zin
The Shining One

Shops:
D:1 *   D:7 =   Orc:2 (!?:   Elf:2 **(   Snake:1 ([


Innate Abilities, Weirdness & Mutations

You have a pair of horns on your head.
You reflexively headbutt those who attack you in melee.


Message History

The vault warden hits you with a +1 war axe of freezing!!!
* * * LOW HITPOINT WARNING * * *
The vault warden freezes you.
* * * LOW HITPOINT WARNING * * *
You hear a trumpeting!
You hear a roar!
Unknown command.
You slash the vault warden! You headbutt the vault warden!
The vault warden is moderately wounded.
You slice the vault guard!!
You kill the vault guard!
Trog accepts your kill.
You slash the ironbound thunderhulk! You slash the ironbound convoker!
The yaktaur shoots a bolt.
The bolt hits you!
* * * LOW HITPOINT WARNING * * *
The centaur warrior shoots an arrow.
GONNNNG!
You block the arrow with an invisible shield... and reflect it back!
The arrow hits the centaur warrior!
The ironbound thunderhulk hits you with a +0 dire flail!!
* * * LOW HITPOINT WARNING * * *
You slice the vault warden!! You headbutt the vault warden.
The vault warden is severely wounded.
You closely miss the ironbound convoker.
You slash the ironbound thunderhulk!
The centaur warrior shoots an arrow.
PANG!
You block the arrow with an invisible shield... and reflect it back!
The arrow hits the centaur warrior!
You block the ironbound convoker's attack.
SHROANNG!
The ironbound frostheart calls freezing cold from the walls.
The frost grips you but does no damage.
You are encased in ice.
Unknown command.
You closely miss the vault warden. You headbutt the vault warden!
The vault warden is almost dead.
You slash the ironbound thunderhulk! You slash the ironbound convoker!
The vault warden hits you with a +1 war axe of freezing!!!
* * * LOW HITPOINT WARNING * * *
The vault warden freezes you.
You die...

.... ....>. ....c.
###+###################
......................#
......................#
......)........Gp.....#.
........[).)..O†c)....+.
........[)[...p@p)....#
#########+#######c....#
#.....[)....# .....#
#.....).....# .....#
#...).).....# .....+.
#..)[[......# .....##
#...∩†......# .....#
#..[........# .....#
#......[....#


You could see a vault warden (strong), an ironbound thunderhulk (strong), a
great orb of eyes (strong), an ironbound frostheart, a centaur warrior, an
ironbound convoker and a yaktaur.

Vanquished Creatures
  Vashnia (Snake:3)
  Zenata (Vaults:1)
  Mlioglotl (Swamp:2)
  Asterion (Snake:2)
  6 deep elf blademasters
  Gastronok (Lair:2)
  6 deep elf master archers (Elf:3)
  2 tentacled starspawn (Abyss:3)
  A thorn hunter (Swamp:3)
  An azure jelly (Swamp:4)
  Donald (Vaults:1)
  Roxanne (Snake:2)
  A nagaraja (Snake:4)
  A fenstrider witch (Swamp:1)
  5 deep elf sorcerers
  A juggernaut zombie (D:15)
  2 deep elf elementalists (Elf:3)
  6 ironbound preservers (Vaults:1)
  An ironbound thunderhulk (Vaults:1)
  3 vault wardens (Vaults:1)
  3 very ugly things (Abyss:3)
  5 eleionomae
  4 deep elf annihilators
  A deep elf demonologist (Elf:3)
  4 bunyips
  A dire elephant (Vaults:1)
  An eleionoma (shapeshifter) (Vaults:1)
  A minotaur (Gauntlet)
  A green death (Abyss:3)
  An ettin (Orc:2)
  A quicksilver dragon zombie (D:15)
  A merfolk javelineer (Abyss:3)
  2 shambling mangroves (Swamp:4)
  A deep elf high priest (Elf:3)
  A great orb of eyes (Vaults:1)
  5 deep elf death magi (Elf:3)
  A yaktaur captain (Vaults:1)
  A rakshasa (Abyss:3)
  2 vault guards (Vaults:1)
  Harold (Lair:2)
  4 salamander tyrants
  13 hydras
  3 ice dragons (Swamp:4)
  4 catoblepae
  A ghost crab (Swamp:2)
  6 anacondas
  11 centaur warriors
  3 boulder beetles
  13 alligators
  An ogre mage (D:15)
  8 two-headed ogres
  4 tengu warriors
  2 ironbound frosthearts (Vaults:1)
  9 naga warriors
  22 dancing weapons
  Urug (D:13)
  7 death yaks (Lair:5)
  8 naga sharpshooters
  3 thrashing horrors (Abyss:3)
  3 orc high priests (Orc:2)
  6 shock serpents
  13 deep elf knights
  A skyshark (Lair:3)
  2 fire crabs (Gauntlet)
  4 wretched stars (Abyss:3)
  2 salamander mystics (Snake:4)
  A spatial maelstrom (Abyss:3)
  2 goliath frogs
  11 skeletal warriors (D:15)
  15 deep trolls
  A spark wasp zombie (D:15)
  A bog body (Swamp:2)
  6 spriggan druids
  5 swamp dragons
  2 ironbound convokers (Vaults:1)
  24 deep elf pyromancers
  2 naga ritualists (Snake:4)
  A phantasmal warrior (D:15)
  11 deep elf archers
  6 mana vipers
  5 lindwurms
  5 orc knights
  13 starcursed masses (Abyss:3)
  21 deep elf zephyrmancers
  21 ugly things
  3 wolf spiders
  4 harpies (Vaults:1)
  4 cyclopes
  A necromancer (D:15)
  4 manticores
  5 will-o-the-wisps
  3 orc sorcerers (Orc:2)
  A worldbinder (Abyss:3)
  13 salamanders
  29 black mambas
  An apocalypse crab (Abyss:3)
  20 naga magi
  15 elephants
  3 torpor snails
  3 gargoyles
  9 guardian serpents
  2 vault sentinels (Vaults:1)
  17 cane toads
  3 rime drakes
  2 minotaur zombies (Gauntlet)
  4 freezing wraiths (Swamp:4)
  3 efreet
  Psyche (D:9)
  3 unseen horrors (D:13)
  3 tengu conjurers (D:13)
  9 yaktaurs (Vaults:1)
  An ice devil (Gauntlet)
  3 ancient zymes (Abyss:3)
  3 kobold demonologists
  8 komodo dragons
  2 polar bears
  10 trolls
  A polar bear (shapeshifter) (D:13)
  7 tyrant leeches
  10 hornets
  19 dream sheep
  15 blink frogs
  26 slime creatures
  6 shadows
  A culicivora (shapeshifter) (D:15)
  7 air elementals
  A vampire (D:12)
  5 spriggans
  A human (shapeshifter) (D:14)
  4 water elementals
  12 wyverns
  2 wraiths
  A hog (shapeshifter) (Vaults:1)
  3 basilisks
  11 fire bats
  A fire elemental (Elf:1)
  49 yaks
  16 humans (D:13)
  3 small abominations (Abyss:3)
  19 vampire mosquitoes
  Edmund (D:5)
  A chaos spawn (Abyss:3)
  5 swamp worm simulacra (Swamp:4)
  A glowing shapeshifter zombie (D:15)
  44 nagas
  4 wargs
  2 acid dragons
  28 water moccasins
  19 swamp worms
  12 hydra simulacra (Swamp:4)
  2 hell hounds (Gauntlet)
  5 swamp drakes
  Duvessa (D:7)
  17 orc warriors
  2 black bears
  2 ice beasts
  A sky beast (D:6)
  8 ogres
  12 wolves
  6 centaurs
  4 kobold brigands
  A phantom (D:7)
  Blork the orc (D:4)
  3 gnoll sergeants
  An earth elemental (Elf:3)
  9 scorpions
  16 bullfrogs
  8 wights
  Dowan (D:7)
  4 killer bees (D:9)
  8 howler monkeys
  9 electric eels
  2 lava snakes (Lair:3)
  A crimson imp (Orc:1)
  A quasit (Abyss:3)
  2 human zombies (Ossuary)
  16 orc priests
  2 hounds
  2 gnoll boudas
  An iron imp (Orc:1)
  A sleepcap (D:6)
  5 iguanas
  27 orc wizards
  A human simulacrum (D:13)
  3 mummies (Ossuary)
  29 gnolls
  7 adders
  A shadow imp (Orc:1)
  7 white imps
  2 ufetubi
  3 swamp drake simulacra (Swamp:4)
  2 worms (D:2)
  A dart slug (D:1)
  104 orcs
  6 ball pythons
  6 endoplasms
  3 giant cockroaches
  9 goblins
  3 hobgoblins
  9 jackals
  5 quokkas
  7 bats
  4 frilled lizards
  3 gnoll zombies (Ossuary)
  A goblin zombie (Ossuary)
  3 hobgoblin zombies (Ossuary)
  25 kobolds
  A kobold zombie (Ossuary)
  4 orc zombies (Ossuary)
  4 rats
  4 briar patches (Swamp:3)
  A lurking horror (Abyss:3)
  A spectral weapon (Swamp:4)
  A starspawn tentacle (Abyss:3)
1358 creatures vanquished.

Vanquished Creatures (collateral kills)
  A nagaraja (Abyss:3)
  A deep elf annihilator (Elf:3)
  A deep elf death mage (Elf:3)
  3 death yaks (Lair:5)
  A dancing weapon (Elf:2)
  A thrashing horror (Abyss:3)
  A deep elf pyromancer (Elf:3)
  An elephant (Lair:5)
  A komodo dragon (Lair:4)
  A spatial vortex (Abyss:3)
  An iron imp (Abyss:3)
  2 starcursed masses (Abyss:3)
15 creatures vanquished.

Vanquished Creatures (others)
  A ghost crab (Swamp:4)
  A deep elf knight (Elf:3)
  A will-o-the-wisp (Swamp:4)
  A spriggan (Swamp:2)
  A swamp worm (Swamp:4)
  2 orc priests (Orc:2)
  A human simulacrum (D:13)
  An orc (Orc:2)
  A bush (Lair:5)
  4 demonic plants (Gauntlet)
  32 foxfires
  32 fungi
  A lurking horror (Abyss:3)
  59 plants
  2 spectral weapons (Snake:3)
  4 starspawn tentacles (Abyss:3)
  8 withered plants (D:15)
152 creatures vanquished.

Grand Total: 1525 creatures vanquished

Notes
Turn   | Place    | Note
-------+----------+-------------------------------------------
     0 | D:1      | LLlMATKO the Minotaur Berserker began the quest for the
                  | Orb.
     0 | D:1      | Reached XP level 1. HP: 19/19 MP: 0/0
   228 | D:1      | Reached XP level 2. HP: 20/27 MP: 1/1
   447 | D:1      | Reached skill level 4 in Fighting
   523 | D:1      | Reached XP level 3. HP: 33/33 MP: 2/2
   531 | D:1      | Found Tutsot's Assorted Antiques.
  1077 | D:2      | Reached XP level 4. HP: 32/41 MP: 3/3
  1118 | D:2      | Reached ** piety under Trog
  1660 | D:3      | Found an ancient bone altar of Kikubaaqudgha.
  1726 | D:3      | Reached XP level 5. HP: 44/47 MP: 4/4
  2523 | D:4      | Found a sand-covered staircase.
  2533 | Ossuary  | Entered an ossuary
  2549 | Ossuary  | Reached skill level 5 in Fighting
  2549 | Ossuary  | Reached skill level 5 in Axes
  2549 | Ossuary  | Reached XP level 6. HP: 37/56 MP: 5/5
  2957 | Ossuary  | Reached *** piety under Trog
  3031 | Ossuary  | Reached skill level 5 in Armour
  3031 | Ossuary  | Reached XP level 7. HP: 53/62 MP: 6/6
  3141 | Ossuary  | Reached skill level 6 in Fighting
  3438 | D:4      | Found a broken altar of Ashenzari.
  3444 | D:4      | Reached skill level 5 in Dodging
  3514 | D:4      | Noticed Blork the orc
  3535 | D:4      | Killed Blork the orc
  4025 | D:5      | Entered Level 5 of the Dungeon
  4132 | D:5      | Noticed Edmund
  4147 | D:5      | Killed Edmund
  4148 | D:5      | Reached XP level 8. HP: 71/71 MP: 7/7
  4298 | D:5      | Reached skill level 7 in Fighting
  4479 | D:5      | Found a hazy altar of Hepliaklqana.
  4514 | D:5      | Found a staircase to the Ecumenical Temple.
  4545 | D:5      | Noticed a hornet
  4549 | D:5      | Paralysed by a hornet for 3 turns
  4556 | D:5      | Paralysed by a hornet for 1 turns
  4557 | D:5      | Killed a hornet
  4558 | D:5      | HP: 5/109 [poisoned by a hornet]
  5203 | D:5      | Identified the +3 leather armour of Yffarph {Harm Drain
                  | rCorr Str-3}
  5485 | D:6      | Reached **** piety under Trog
  5596 | D:6      | Reached XP level 9. HP: 81/81 MP: 8/8
  5597 | D:6      | Reached skill level 8 in Fighting
  5889 | D:6      | Identified the +0 robe "Juomiddy" {Int+6}
  6138 | D:6      | Found a bloodstained altar of Trog.
  6144 | D:6      | Found an iron altar of Okawaru.
  6149 | D:6      | Found a hide-covered altar of Uskayaw.
  6218 | D:7      | Found Lemnempi's Jewellery Boutique.
  6655 | D:7      | Noticed Duvessa
  6656 | D:7      | Noticed Dowan
  6665 | D:7      | Killed Dowan
  6666 | D:7      | Killed Duvessa
  7015 | D:7      | Noticed a deep elf pyromancer
  7023 | D:7      | Killed a deep elf pyromancer
  7024 | D:7      | Reached skill level 9 in Fighting
  7455 | D:7      | Reached XP level 10. HP: 52/91 MP: 9/9
  9268 | D:9      | Noticed Psyche
  9273 | D:9      | Reached skill level 10 in Fighting
  9273 | D:9      | Reached skill level 10 in Axes
  9342 | D:9      | Killed Psyche
  9355 | D:9      | Found a staircase to the Orcish Mines.
  9755 | D:9      | Reached skill level 10 in Armour
  9792 | D:9      | Found a staircase to the Lair.
 10012 | D:10     | Entered Level 10 of the Dungeon
 10414 | D:10     | Identified the +6 short sword of Abomination {freeze, Drain
                  | rElec rC- rCorr}
 10520 | D:10     | Reached XP level 11. HP: 101/101 MP: 10/10
 10649 | D:10     | Reached skill level 11 in Fighting
 10921 | D:10     | Found a glowing golden altar of the Shining One.
 11430 | D:10     | Reached skill level 10 in Dodging
 11550 | D:10     | Found the +5 robe of Night {Dark Will+ SInv}
 11794 | D:11     | Reached ***** piety under Trog
 12115 | D:11     | Noticed a boulder beetle
 12136 | D:11     | Killed a boulder beetle
 12423 | D:11     | Noticed a two-headed ogre
 12429 | D:11     | Killed a two-headed ogre
 13103 | Lair:1   | Entered Level 1 of the Lair of Beasts
 13112 | Lair:1   | Reached skill level 12 in Fighting
 13168 | Lair:1   | Reached XP level 12. HP: 80/112 MP: 11/11
 14235 | Lair:2   | Noticed Gastronok
 14347 | Lair:2   | Killed Gastronok
 14692 | Lair:2   | Noticed a five-headed hydra
 14701 | Lair:2   | Killed a ten-headed hydra
 14702 | Lair:2   | Reached skill level 13 in Fighting
 15328 | Lair:2   | Found a staircase to the Swamp.
 15329 | Lair:2   | Noticed Harold
 15341 | Lair:2   | Killed Harold
 15599 | Lair:3   | Noticed a six-headed hydra
 15609 | Lair:3   | Killed an eight-headed hydra
 16113 | Lair:3   | Found a staircase to the Snake Pit.
 16725 | Lair:3   | Reached XP level 13. HP: 123/123 MP: 12/12
 17478 | Lair:4   | Reached skill level 1 in Shields
 17710 | Lair:4   | Reached skill level 14 in Fighting
 18637 | Lair:4   | Found a staircase to the Slime Pits.
 19269 | Lair:5   | Entered Level 5 of the Lair of Beasts
 19510 | Lair:5   | Reached skill level 5 in Shields
 19961 | Lair:5   | Reached XP level 14. HP: 119/133 MP: 13/13
 20189 | Lair:5   | Reached skill level 15 in Axes
 20225 | Lair:5   | Received a gift from Trog
 20227 | Lair:5   | Reached skill level 15 in Fighting
 20653 | Lair:5   | Reached skill level 15 in Armour
 21807 | Lair:5   | Identified the ring of Syndicalism {Ice rCorr Int+5 Dex+2}
 22875 | D:12     | Identified the +9 executioner's axe "Tadukladi" {flame, rC+
                  | Will+} (Trog gifted it to you on level 12 of the Dungeon)
 22875 | D:12     | Received a gift from Trog
 23139 | Orc:1    | Entered Level 1 of the Orcish Mines
 23385 | Orc:2    | Entered Level 2 of the Orcish Mines
 24111 | Orc:2    | Reached XP level 15. HP: 138/143 MP: 14/14
 24205 | Orc:2    | Found a staircase to the Elven Halls.
 24943 | Orc:2    | Reached skill level 16 in Fighting
 25416 | Orc:2    | Found a staircase to the Elven Halls.
 25691 | Orc:2    | Found Zaerhu Ykhlo's Antique Weapon Boutique.
 25691 | Orc:2    | Found Cuoho's Distillery.
 25693 | Orc:2    | Found Syskujoe's Magic Scroll Boutique.
 25693 | Orc:2    | Found Gisit's Book Emporium.
 25703 | Orc:2    | Bought a scroll of magic mapping for 127 gold pieces
 25783 | Orc:2    | Found a staircase to the Elven Halls.
 25857 | Orc:2    | Found Zaerhu Ykhlo's Antique Weapon Boutique.
 25857 | Orc:2    | Found Cuoho's Distillery.
 25859 | Orc:2    | Found Syskujoe's Magic Scroll Boutique.
 25859 | Orc:2    | Found Gisit's Book Emporium.
 26347 | D:13     | Noticed Urug
 26347 | D:13     | Found a gate to the Vaults.
 26356 | D:13     | Killed Urug
 26455 | D:13     | Found a gate leading to a gauntlet.
 26464 | Gauntlet | Entered a Gauntlet
 26464 | Gauntlet | Found a transporter.
 26538 | Gauntlet | Found a transporter.
 26552 | Gauntlet | Found a transporter.
 26557 | Gauntlet | Found a transporter.
 26574 | Gauntlet | Found a transporter.
 26591 | Gauntlet | Found a transporter.
 26603 | Gauntlet | Found a transporter.
 26615 | Gauntlet | Found a transporter.
 26627 | Gauntlet | Found a transporter.
 26639 | Gauntlet | Found a transporter.
 26674 | Gauntlet | Found a transporter.
 26766 | Gauntlet | Found a transporter.
 26783 | Gauntlet | Found a transporter.
 26785 | Gauntlet | Found a transporter.
 26810 | Gauntlet | Found a transporter.
 26812 | Gauntlet | Found a transporter.
 26877 | Gauntlet | Found a transporter.
 26884 | Gauntlet | Found a transporter.
 27005 | Gauntlet | Identified the +1 pair of gloves of the Amoeba {Harm rPois}
 27048 | Gauntlet | Identified the ring "Anwul" {Ice rCorr}
 27054 | Gauntlet | Reached skill level 15 in Dodging
 28406 | D:14     | Reached skill level 10 in Shields
 28709 | Snake:1  | Entered Level 1 of the Snake Pit
 28846 | Snake:1  | Found Senan's Antique Weapon Shoppe.
 28874 | Snake:1  | Bought a crystal war axe for 357 gold pieces
 28874 | Snake:1  | Identified the +7 war axe of Mutraenk {heavy, *Corrode
                  | rPois rC+} (You bought it in a shop on level 1 of the Snake
                  | Pit)
 28874 | Snake:1  | Bought a smoking war axe for 357 gold pieces
 28874 | Snake:1  | Identified the +5 war axe "Varuoc" {heavy, rElec rF++ Dex+2
                  | SInv} (You bought it in a shop on level 1 of the Snake Pit)
 28993 | Snake:1  | Found Wajien's Armour Emporium.
 29493 | Snake:2  | Received a gift from Trog
 29681 | Snake:2  | Noticed Asterion
 29693 | Snake:2  | Killed Asterion
 29980 | Snake:2  | Noticed Roxanne
 30002 | Snake:2  | Killed Roxanne
 30066 | Snake:2  | Reached XP level 16. HP: 149/154 MP: 15/15
 30371 | Snake:3  | Noticed Vashnia
 30423 | Snake:3  | Killed Vashnia
 30424 | Snake:3  | Reached skill level 17 in Fighting
 31027 | Snake:3  | Identified the +8 spear of Ithui {heavy, rC+ rN+ Str-5
                  | Int+2}
 31270 | Snake:3  | Identified the +3 robe of Juf Mopa {Str+6}
 31374 | Snake:3  | Identified a scroll of acquirement
 31374 | Snake:3  | Acquired a manual of Fighting
 31499 | Snake:4  | Entered Level 4 of the Snake Pit
 31530 | Snake:4  | Received a gift from Trog
 33181 | Snake:4  | Reached skill level 18 in Fighting
 34720 | Snake:4  | Reached XP level 17. HP: 166/166 MP: 9/16
 34728 | Snake:4  | Got a serpentine rune of Zot
 35762 | D:14     | Found a glowing silver altar of Zin.
 35979 | D:15     | Entered Level 15 of the Dungeon
 36166 | D:15     | Reached skill level 19 in Fighting
 36297 | D:15     | Found a staircase to the Depths.
 37666 | Swamp:1  | Entered Level 1 of the Swamp
 37749 | Swamp:1  | Received a gift from Trog
 37784 | Lair:2   | Acquired a manual of Axes
 38780 | Swamp:2  | Identified the staff of earth "Jano" {rElec rPois rC+
                  | Int+3}
 38979 | Swamp:2  | Noticed Mlioglotl
 39010 | Swamp:2  | Reached skill level 20 in Fighting
 39202 | Swamp:2  | Killed Mlioglotl
 39496 | Swamp:2  | Identified the ring "Peocw" {Fly Int+5}
 40329 | Swamp:3  | Reached XP level 18. HP: 117/180 MP: 0/17
 40808 | Swamp:4  | Entered Level 4 of the Swamp
 41821 | Swamp:4  | Reached ****** piety under Trog
 41821 | Swamp:4  | Received a gift from Trog
 42502 | Swamp:4  | Got a decaying rune of Zot
 42875 | Elf:1    | Entered Level 1 of the Elven Halls
 43068 | Elf:1    | Reached skill level 21 in Fighting
 43175 | Elf:1    | Paralysed by an air elemental for 1 turns
 43919 | Elf:2    | Found Muckoem's Assorted Antiques.
 44214 | Elf:2    | Found a runed translucent gate.
 44214 | Elf:2    | Found a runed translucent gate.
 44214 | Elf:2    | Found a runed translucent gate.
 44246 | Elf:2    | Found Bakuh's Assorted Antiques.
 44248 | Elf:2    | Found Afef's Antique Weapon Shop.
 44252 | Elf:2    | Identified the +5 ring mail of Pandemonium {+Inv Regen+
                  | rCorr Int-5}
 44301 | Elf:2    | Received a gift from Trog
 45086 | Abyss:3  | Cast into level 3 of the Abyss (+2 triple sword of
                  | distortion)
 45095 | Abyss:3  | Found a corrupted altar of Lugonu.
 45184 | Abyss:3  | Found a corrupted altar of Lugonu.
 45270 | Abyss:3  | Reached skill level 15 in Shields
 45377 | Elf:2    | Escaped the Abyss
 45639 | Elf:2    | Reached skill level 22 in Fighting
 46101 | Elf:2    | Reached XP level 19. HP: 186/188 MP: 15/18
 46770 | Elf:2    | Found Muckoem's Assorted Antiques.
 46772 | Elf:2    | Found Bakuh's Assorted Antiques.
 46776 | Elf:2    | Found Afef's Antique Weapon Shop.
 47195 | Elf:3    | Entered Level 3 of the Elven Halls
 47240 | Elf:3    | Paralysed by an air elemental for 1 turns
 47258 | Elf:3    | Received a gift from Trog
 47657 | Elf:3    | Paralysed by an air elemental for 1 turns
 48721 | Abyss:3  | Found a corrupted altar of Lugonu.
 48721 | Abyss:3  | Cast into level 3 of the Abyss (a deep elf sorcerer)
 48767 | Abyss:3  | Found a corrupted altar of Lugonu.
 48818 | Abyss:3  | Got an abyssal rune of Zot
 48850 | Elf:3    | Escaped the Abyss
 49306 | Elf:3    | Identified the +7 hand axe "Hydrabane" {heavy, Will+ Str+4}
 49700 | Elf:3    | Identified the +5 glaive "Xinoxor" {heavy, *Noise rF++
                  | Dex+4}
 49714 | Elf:3    | Found the +18 shield of the Gong {Loud rN+ Will+ rCorr
                  | EV-5}
 49719 | Elf:3    | Identified the +11 glaive "Buzook" {heavy, Str+4 Dex+6
                  | Stlth-}
 49945 | Elf:3    | Identified the staff of earth "Fycul" {rElec}
 49948 | Elf:3    | Identified the +4 flail of Death's Door {heavy, rC+ rCorr}
 50001 | Elf:3    | Identified the staff of conjuration "Emiosaje" {Int+3}
 50319 | Vaults:1 | Entered Level 1 of the Vaults
 50423 | Vaults:1 | Noticed Zenata
 50433 | Vaults:1 | Killed Zenata
 50433 | Vaults:1 | Received a gift from Trog
 50452 | Vaults:1 | Identified the +1 kite shield of Ymilots {Dex+2}
 50452 | Vaults:1 | Noticed Donald
 50515 | Vaults:1 | Killed Donald
 50592 | Vaults:1 | Reached XP level 20. HP: 197/202 MP: 0/19
 50595 | Vaults:1 | Reached skill level 23 in Fighting
 50782 | Vaults:1 | HP: 4/304 [vault warden/+1 war axe of freezing (38)]
 50782 | Vaults:1 | Slain by a vault warden

Illustrated notes

Levels and vault maps discovered:
D:1:      elethiomel_arrival_quiet, layout_loops_corners, serial_shops,
          nicolae_shop_advertising_works [nicolae_subvault_shop_adworks]
D:2:      layout_basic
D:3:      layout_loops_ring, mainiacjoe_overflow_catwalk
D:4:      layout_rooms, evilmike_ruin_ashenzari, nicolae_ossuary_entry_monument,
          uniq_blork_the_orc
D:5:      layout_layer_cave, mainiacjoe_overflow_small_starburst,
          minmay_temple_entry_hall, uniq_edmund
D:6:      layout_basic, minmay_overflow_temple_star_quad,
          nicolae_kite_square_tiling_tiny, chequers_serial_rivers_small_b,
          minmay_misc_feat_diagonals
D:7:      cheibrodos_two_vegetables, layout_basic, serial_shops, shop,
          guppyfry_early_elven_hall, uniq_duvessa
D:8:      layout_loops_ring
D:9:      layout_cave_pools, dpeg_oklobed_lair, hiddenorc2_lemuel,
          corexii_corridor_pit, uniq_psyche
D:10:     layout_stronghold, kennysheep_mini_moat, minmay_misc_feat_plants,
          hellmonk_guarded_unrand_night
D:11:     layout_gridville
D:12:     layout_basic
D:13:     layout_small_grid, david_vaults_3, gauntlet_entry_generic,
          bh_circular_ruins
D:14:     layout_roguey, zin_angel, kennysheep_generic_room_15
D:15:     gammafunk_depths_entry_grave, layout_loops_corners, minivault_11
Lair:1:   layout_hall_layers, grunt_megastairs_2, infiniplex_staircase_pool_2
Lair:2:   layout_cellular_growth, swamp_mist, chequers_serial_rivers_micro_d,
          serial_bayou_pond_b, infiniplex_staircase_pool, lemuel_fruit_tree,
          serial_bayou_shore_b, uniq_gastronok, uniq_harold
Lair:3:   layout_chaotic_city, nicolae_snake_entry_warm_welcome
Lair:4:   layout_cellular_growth, slime_entry_1, beast_lair_carwin_6
Lair:5:   hangedman_lair_tendril_chambers, layout_gridlike,
          hangedman_lair_in_review, chequers_serial_rivers_marsh
Swamp:1:  layout_basic_swamp, nicolae_swamp_treefoil, hangedman_swamp_pad
Swamp:2:  layout_falls_marsh, nicolae_swamp_trees_clearing, uniq_mlioglotl
Swamp:3:  nicolae_swamp_ascending_descending, layout_basic_swamp,
          nicolae_swamp_rocky_clearing
Swamp:4:  swamp_icy, layout_basic_swamp
Snake:1:  layout_rooms, minmay_shoptagon
Snake:2:  layout_misc_corridors, uniq_roxanne, uniq_asterion
Snake:3:  layout_misc_corridors, grunt_ministairs_11, uniq_vashnia
Snake:4:  snake_pit_salamanders_mu, layout_onion_interference
Orc:1:    layout_caves, hangedman_minor_magic
Orc:2:    grunt_orc_tribal_feast, layout_caves, basic_altar
Elf:1:    layout_loops_ring, minivault_28
Elf:2:    elven_hall_of_blades_hangedman_original [mumra_blade_entry_dagger],
          layout_gridlike, minmay_shop_star
Elf:3:    minmay_elf_hall, layout_onion_city, kb_rosetta
Vaults:1: nicolae_vaults_spaceships, grunt_vaults_diagonal,
          nicolae_vaults_tangram_2, nicolae_vaults_turnstiles, v_misc_29,
          nicolae_vaults_minivaults, v_pattern_3,
          nicolae_vaults_trapezoid_layered, vaults_dpeg_spiral,
          vaults_dpeg_hooks, v_misc_30, nicolae_vaults_surprise_closet,
          layout_vaults_ring, uniq_zenata, uniq_donald

Skill      XL: |  1  2  3  4  5  6  7  8  9 10 11 12 13 14 15 16 17 18 19 20 |
---------------+-------------------------------------------------------------+-----
Fighting       | 4 5 6 7 9 10 12 13 14 15 16 18 20 22 23 | 23.1
Axes           | 4 5 6 7 9 10 12 13 14 15 16 18 19 21 22 | 22.8
Armour         | 3 4 5 6 7 9 10 12 13 14 15 16 17 18 19 20 | 20.9
Dodging        | 3 4 5 6 8 9 11 12 13 14 15 16 17 18 19 | 19.3
Shields        | 5 8 10 12 13 15 16 | 16.7

Action                     |  1- 3 |  4- 6 |  7- 9 | 10-12 | 13-15 | 16-18 | 19-21 || total
---------------------------+-------+-------+-------+-------+-------+-------+-------++-------
  Melee: Hand axe          |    54 |   148 |   227 |       |       |       |       ||   429
         Headbutt          |     7 |    27 |    56 |   122 |   219 |   258 |    93 ||   782
         Punch             |       |     2 |     3 |    10 |       |       |       ||    15
         Unarmed           |       |       |    11 |       |       |       |       ||    11
         War axe           |       |       |    73 |   563 |   327 |   959 |   350 ||  2272
         Broad axe         |       |       |       |       |   270 |    57 |       ||   327
         Executioner's axe |       |       |       |       |   289 |       |       ||   289
  Throw: Dart              |       |       |     3 |     3 |    29 |    57 |     4 ||    96
 Invoke: Berserk           |     1 |     4 |     9 |    17 |    21 |    21 |     6 ||    79
         Trog's Hand       |       |       |       |     1 |     7 |     9 |     7 ||    24
         Brothers in Arms  |       |       |       |       |     2 |     5 |     4 ||    11
    Use: Potion            |       |       |     1 |       |       |       |       ||     1
         Scroll            |       |       |       |    15 |     9 |    15 |     1 ||    40
   Stab: Confused          |       |       |     1 |       |       |       |       ||     1
         Distracted        |       |       |       |       |       |     1 |       ||     1
 Armour: Animal skin       |    10 |       |       |       |       |       |       ||    10
         Chain mail        |     3 |    75 |   124 |    30 |       |       |       ||   232
         Plate armour      |       |       |       |   247 |   365 |   423 |   123 ||  1158
  Dodge: Dodged            |    26 |    65 |   134 |   237 |   431 |   521 |   149 ||  1563
  Block: Other             |       |       |    72 |   138 |    71 |       |       ||   281
         Reflection        |       |       |     2 |     6 |    23 |   116 |    55 ||   202
         Buckler           |       |       |       |       |   243 |       |       ||   243
         Tower shield      |       |       |       |       |    45 |       |       ||    45
         Kite shield       |       |       |       |       |       |  1070 |   497 ||  1567
